AoeStats
← Erickinio

MegaRandom

510160071Analyzed
4v4 RM · 2d ago on Sep 29, 2026· 47m 9s· 8 players
Game mode
Random Map
Map size
Large (8 player)
Population
200
Speed
Normal
Resources
Standard
Victory
Conquest
Starting age
Dark Age
Ending age
Imperial Age
RankedLock teamsTeams togetherTeam positionsShared explorationLock speedFull tech treeHidden civsTurbo modeCheats
Victory
Defeat
🇦🇷 Celts · Argentina
932
+16
🇦🇷 Vietnamese · Argentina
921
+17
🇩🇪 Teutons · Germany
917
+17
🇺🇸 Teutons · United States
899
+18
🇧🇪 Inca · Belgium
982
-19
🇪🇸 Koreans · Spain
966
-18
🇩🇪 Poles · Germany
964
-18
🇨🇿 Japanese · Czechia
845
-13
decayon
5:51 Loom
10:48 Feudal Age
11:23 Horse Collar
11:29 Double-Bit Axe
12:52 Wheelbarrow
17:53 Castle Age
18:57 Wheelbarrow
19:40 Scale Barding Armor
20:42 Bow Saw
22:29 Stone Mining
23:52 Bloodlines
24:10 Forging
26:19 Stone Shaft Mining
27:19 Town Watch
30:01 Fervor
30:12 Gold Mining
31:02 Sanctity
30:43 Fletching
34:36 Imperial Age
33:12 Town Patrol
34:18 Hand Cart
34:18 Masonry
34:09 Bodkin Arrow
34:50 Iron Casting
34:36 Chain Barding Armor
34:20 Scale Mail Armor
36:09 Crenellations
36:25 Hoardings
36:58 Chemistry
38:23 Conscription
38:22 Chain Mail Armor
39:07 Blast Furnace
38:31 Ballistics
39:30 Elite Teutonic Knight
40:24 Careening
40:23 Siege Engineers
40:43 Ironclad
41:40 Redemption
44:21 Squires
44:07 Arson
45:12 Plate Mail Armor
Luca214405
6:06 Loom
11:45 Feudal Age
13:02 Wheelbarrow
12:16 Double-Bit Axe
13:02 Horse Collar
14:02 Man-at-Arms
16:39 Gold Mining
17:35 Town Watch
18:01 Arson
18:45 Fletching
18:57 Scale Mail Armor
19:02 Stone Mining
23:59 Castle Age
24:29 Padded Archer Armor
25:05 Bow Saw
25:00 Heavy Plow
26:17 Stone Shaft Mining
26:03 Hand Cart
27:23 Chain Mail Armor
28:16 Pikeman
28:23 Elite Skirmisher
29:06 Bodkin Arrow
32:50 Leather Archer Armor
37:28 Imperial Age
37:48 Scale Barding Armor
37:57 Forging
39:02 Crop Rotation
39:59 Two-Man Saw
40:09 Chemistry
39:42 Plate Mail Armor
39:45 Cavalier
42:13 Siege Engineers
42:44 Town Patrol
43:08 Ironclad
42:56 Heavy Scorpion
45:51 Ring Archer Armor
45:37 Elite Teutonic Knight
slower
10:05 Loom
12:37 Feudal Age
14:22 Double-Bit Axe
14:19 Horse Collar
20:37 Castle Age
18:41 Fletching
19:53 Padded Archer Armor
20:16 Gold Mining
20:48 Elite Skirmisher
21:36 Thumb Ring
22:22 Bow Saw
22:34 Heavy Plow
24:19 Wheelbarrow
24:10 Ballistics
23:50 Bodkin Arrow
29:26 Hand Cart
30:00 Town Watch
35:02 Imperial Age
32:44 Stone Mining
33:26 Masonry
33:13 Murder Holes
33:38 Leather Archer Armor
35:14 Imperial Skirmisher
35:57 Bracer
36:29 Ring Archer Armor
37:53 Chemistry
37:03 Town Patrol
36:42 Crossbowman
43:32 Arbalester
Erickinio
11:32 Feudal Age
10:45 Loom
12:07 Double-Bit Axe
13:03 Man-at-Arms
15:39 Forging
15:31 Arson
16:13 Scale Mail Armor
16:57 Fletching
18:52 Padded Archer Armor
23:25 Gold Mining
26:31 Castle Age
26:58 Stone Mining
26:39 Pikeman
27:05 Gambesons
28:44 Iron Casting
28:51 Chain Mail Armor
33:38 Masonry
33:31 Horse Collar
35:37 Gold Shaft Mining
35:38 Murder Holes
35:20 Long Swordsman
38:02 Stone Shaft Mining
37:52 Stronghold
39:27 Heavy Plow
40:05 Wheelbarrow
39:52 Bow Saw
41:32 Hand Cart
42:44 Ballistics
vanherenthals.remy
12:54 Feudal Age
12:50 Loom
17:22 Castle Age
16:17 Champi Runner
17:52 Horse Collar
17:57 Double-Bit Axe
19:48 Squires
19:34 Arson
20:03 Forging
19:53 Scale Mail Armor
20:37 Champi Runner
22:00 Champi Warrior
23:11 Pikeman
28:31 Iron Casting
29:51 Gold Mining
30:38 Wheelbarrow
31:38 Chain Mail Armor
35:21 Imperial Age
35:24 Elite Champi Warrior
36:46 Plate Mail Armor
37:17 Blast Furnace
37:12 Conscription
TitaN
14:24 Feudal Age
21:02 Castle Age
21:53 Loom
32:15 Horse Collar
32:25 Double-Bit Axe
34:05 Heavy Plow
36:34 Wheelbarrow
36:59 Crossbowman
37:43 Gold Mining
41:32 Stone Mining
42:07 Fortified Wall
43:11 Hand Cart
44:35 Gold Shaft Mining
Macholdi
0:38 Loom
13:21 Feudal Age
15:23 Wheelbarrow
14:46 Double-Bit Axe
14:44 Horse Collar
16:29 Gold Mining
19:24 Stone Mining
21:45 Castle Age
24:31 Hand Cart
24:31 Husbandry
24:42 Bloodlines
27:23 Light Cavalry
35:11 Imperial Age
33:14 Scale Barding Armor
33:29 Forging
33:50 Bow Saw
33:44 Heavy Plow
34:22 Stone Shaft Mining
34:48 Szlachta Privileges
36:14 Conscription
35:34 Winged Hussar
39:55 Lechitic Legacy
42:42 Crop Rotation
43:33 Cavalier
Ctibor
0:28 Loom
11:06 Feudal Age
15:21 Horse Collar
15:30 Double-Bit Axe
20:57 Castle Age
20:08 Scale Mail Armor
20:19 Forging
22:06 Man-at-Arms
22:48 Squires
29:25 Wheelbarrow
32:10 Heavy Plow
32:42 Scale Barding Armor
34:28 Hand Cart
35:16 Chain Barding Armor
40:01 Imperial Age
37:53 Caravan
39:08 Chain Mail Armor
39:29 Iron Casting
40:37 Thumb Ring
40:36 Padded Archer Armor
40:27 Fletching
41:05 Elite Samurai
42:12 Cavalier
42:52 Husbandry
43:03 Bloodlines
42:20 Crossbowman
44:38 Chemistry
44:01 Ballistics
44:03 Gold Mining
44:05 Stone Mining
45:30 Parthian Tactics
Connection lost

Rejoining the realm…

Still unreachable

The connection could not be restored.

Session expired

The server has moved on; the page needs a fresh start.